 Dungeon Crawl Stone Soup version 0.23.1 (webtiles) character file.

Game seed: 2834082652653137900

30 kae the Sneak (level 3, 0/28 HPs)
             Began as a Naga Enchanter on Mar 19, 2019.
             Slain by a quokka (2 damage)
             ... on level 1 of the Dungeon.
             The game lasted 00:02:10 (1338 turns).

kae the Sneak (Naga Enchanter)                      Turns: 1338, Time: 00:02:11

Health: 0/28       AC:  4    Str: 10    XL:     3   Next: 18%
Magic:  1/6        EV: 10    Int: 15    God:
Gold:   3          SH:  0    Dex: 12    Spells: 3/6 levels left

rFire    . . .     SeeInvis +   a - +1 dagger
rCold    . . .     Gourm    .   (no shield)
rNeg     . . .     Faith    .   b - +1 robe
rPois    +         Spirit   .   (no helmet)
rElec    .         Reflect  .   c - +0 cloak
rCorr    .         Harm     .   (no gloves)
MR       .....                  (no barding)
Stlth    +++.......             (no amulet)
HPRegen  0.09/turn              (no ring)
MPRegen  0.10/turn              (no ring)

@: short of breath, very slightly contaminated, very slow
A: large, see invisible, deformed body, poison resistance, slowness 2, slow
metabolism 1, spit poison 1, AC +1
a: Spit Poison


You were on level 1 of the Dungeon.
You were very hungry.

You visited 1 branch of the dungeon, and saw 2 of its levels.

You collected 3 gold pieces.

Inventory:

Hand Weapons
 a - a +1 dagger (weapon)
Armour
 b - a +1 robe (worn)
 c - a +0 cloak (worn)
Scrolls
 f - a scroll of identify {unknown}
Comestibles
 d - 3 rations


   Skills:
 - Level 1.0 Short Blades
 - Level 1.5 Dodging
 * Level 5.6 Stealth
 + Level 2.3 Spellcasting
 + Level 3.3 Hexes


You had 3 spell levels left.
You knew the following spells:

 Your Spells              Type           Power        Failure   Level  Hunger
a - Corona                Hex            ##.....      5%          1    #......
b - Ensorcelled Hibernat  Hex/Ice        #.....       17%         2    ###....

Your spell library contained the following spells:

 Spells                   Type           Power        Failure   Level  Hunger
 Confuse                  Hex            ##......     17%         3    ###....
 Tukima's Dance           Hex            ##......     17%         3    ###....
 Dazzling Spray           Conj/Hex       #.....       32%         3    ###....


Dungeon Overview and Level Annotations

Branches:
Dungeon (2/15)

Altars:


Innate Abilities, Weirdness & Mutations

You cannot wear boots.
Your serpentine skin is tough. (AC +1)
You have supernaturally acute eyesight. (SInv)
Armour fits poorly on your strangely shaped body.
Your system is resistant to poisons. (rPois)
You cover ground very slowly.
You have a slow metabolism.
You can spit poison.


Message History

Unknown command.
You hit the frilled lizard.
The frilled lizard is heavily wounded.
The quokka closely misses you. The frilled lizard misses you.
Press: ? - help, Shift-Dir - straight line, f - quokka
Aim: a quokka The splash of poison misses the quokka.
The splash of poison hits the bat.
The bat is severely wounded.
You feel slightly more hungry. The quokka bites you.
* * * LOW HITPOINT WARNING * * *
The frilled lizard bites you but does no damage.
You aren't carrying any potions.
As you read the scroll labeled LIUS KUXUN, it crumbles to dust.
It is a scroll of enchant armour.
Your +0 robe glows green for a moment.
The quokka bites you but does no damage.
The frilled lizard bites you.
* * * LOW HITPOINT WARNING * * *
The quokka bites you.
You die...

..##..###########.#
#..#
#..#..............#
#..#
##.#..#############
#..# ##### ##.##.#
#..###.... ...##.#
#########[.....###
.⌠.##.#
#..........#####
...##.#
#.##########
#.###.# #l# ...##.#
#@# .⌠.##.#
#######r# ...##.#
#......b#
##.##.####.#######
##.##......#
#..######### ..##
### #


You could see a quokka, a bat and a frilled lizard.

Vanquished Creatures
  An ooze (D:1)
  A leopard gecko (D:1)
  4 bats (D:1)
  A giant cockroach (D:1)
  2 goblins (D:1)
  2 hobgoblins (D:1)
  5 jackals (D:1)
  2 frilled lizards (D:1)
  2 kobolds (D:1)
  3 rats (D:1)
23 creatures vanquished.

Notes
Turn   | Place    | Note
-------+----------+-------------------------------------------
     0 | D:1      | kae the Naga Enchanter began the quest for the Orb.
     0 | D:1      | Reached XP level 1. HP: 15/15 MP: 3/3
    15 | D:1      | Reached XP level 2. HP: 20/22 MP: 5/5
   112 | D:1      | Reached skill level 5 in Stealth
   697 | D:1      | Learned a level 2 spell: Ensorcelled Hibernation
   787 | D:1      | Reached XP level 3. HP: 28/28 MP: 6/6
  1338 | D:1      | Slain by a quokka

Skill      XL: |  1  2 |
---------------+-------+-----
Stealth        | 5 |  5.6
Short Blades   | |  1.0
Dodging        | |  1.5
Spellcasting   | |  2.3
Hexes          | |  3.3

Action                   || total
-------------------------++-------
Melee: Dagger            ||    70
 Cast: Corona            ||     4
       Ensorcelled Hiber ||     1
 Abil: Spit Poison       ||     6
  Use: Scroll            ||     1
 Stab: Sleeping          ||     8
Armor: Robe              ||    22
Dodge: Dodged            ||    65
